 Dungeon Crawl Stone Soup version 0.19-a0-1827-g174f941 (webtiles) character file.

88 dobroeutro the Skirmisher (level 4, 0/30 HPs)
             Began as a Gargoyle Fighter on Oct 7, 2016.
             Slain by a hound (3 damage)
             ... on level 2 of the Dungeon.
             The game lasted 00:01:23 (1363 turns).

dobroeutro the Skirmisher (Gargoyle Fighter)        Turns: 1363, Time: 00:01:24

Health: 0/30       AC: 10    Str: 21    XL:     4   Next: 54%
Magic:  4/4        EV:  7    Int:  8    God:
Gold:   85         SH:  9    Dex:  9    Spells: 0 memorised, 3 levels left

rFire  . . .     SeeInvis .     a - +0 flail
rCold  . . .     Gourm    .     b - +0 scale mail
rNeg   + + .     Faith    .     c - +0 shield
rPois  ∞         Spirit   .     (no helmet)
rElec  +         Dismiss  .     (no cloak)
rCorr  .         Reflect  .     (no gloves)
MR     .....     Harm     .     (no boots)
Stlth  ..........               (no amulet)
                                r - ring of positive energy
                                m - ring of wizardry

@: no status effects
A: negative energy resistance 1, electricity resistance, unbreathing,
petrification resistance, rot immunity, AC +3
a: no special abilities


You were on level 2 of the Dungeon.
You were near starving.

You visited 1 branch of the dungeon, and saw 2 of its levels.

You collected 85 gold pieces.

Inventory:

Hand Weapons
 a - a +0 flail (weapon)
Armour
 b - a +0 scale mail (worn)
 c - a +0 shield (worn)
Jewellery
 m - a ring of wizardry (left hand)
 r - a ring of positive energy (right hand)
Scrolls
 e - 3 scrolls of fog {unknown}
 i - a scroll of noise {unknown}
 j - a scroll of identify {unknown}
 k - a scroll of magic mapping {unknown}
 n - a scroll of immolation {unknown}
 p - a scroll of enchant weapon {unknown}
 s - a scroll of remove curse {unknown}
Potions
 d - 2 potions of might
 g - 2 potions of curing {unknown}
 h - a potion of cancellation {unknown}
 o - a potion of heal wounds
 q - a potion of flight {unknown}
Comestibles
 f - a bread ration
 l - a slice of pizza


   Skills:
 + Level 4.3 Fighting
 * Level 3.3 Maces & Flails
 + Level 3.9 Armour
 - Level 3.2 Shields


You had 3 spell levels left.
You didn't know any spells.

Dungeon Overview and Level Annotations

Branches:
Dungeon (2/15)

Altars:


Innate Abilities, Weirdness & Mutations

You are resistant to torment.
Your stone body is resilient. (AC +3)
You are immune to poison.
You resist negative energy. (rN+)
You are resistant to electric shocks. (rElec)
You can survive without breathing.
You are immune to petrification.
You are immune to rotting.


Message History

Press: ? - help, v - describe, . - travel
Here: a hound (severely wounded)
The floor.
You hit the hound.
The hound is almost dead.
The hound barely misses you. The hound bites you but does no damage.
You miss the hound.
The hound is almost dead.
The hound barely misses you. x2
Your shield and scale mail prevent you from hitting the hound.
The hound is almost dead.
The hound barely misses you. You block the hound's attack.
You completely miss the hound.
The hound is severely wounded.
The hound bites you but does no damage. The hound bites you.
* * * LOW HITPOINT WARNING * * *
You closely miss the hound.
The hound is severely wounded.
You block the hound's attack. The hound bites you.
You die...

### ##.#.#######..# ..#
#.#..........# #.#
#.##########.## #.# ##+##
#..# #.# ##...## ##.# #)#
##.....## ###.# ..#
##.......## ##.#.#
..####.........####....#
.....'.........'@hl....###
....##.........###g......#
....###.......## #.#.#.#.#
#...# ##.....## #.###.#.#
....# ##...## #.##..# #
##..# ##+## #.##.## ##..#
#### #.##g# # ##..# ##
#..# #.##.##.# ....# #..
#..# #.......#


You could see a hound, a gnoll and a frilled lizard.

Vanquished Creatures
  A hound (D:2)
  Terence (D:2)
  An adder (D:2)
  2 leopard geckos (D:2)
  2 giant cockroaches
  3 goblins
  3 hobgoblins (D:1)
  A quokka (D:2)
  5 bats
  A frilled lizard (D:1)
  2 kobolds (D:2)
  3 rats
25 creatures vanquished.

Notes
Turn   | Place    | Note
-------+----------+-------------------------------------------
     0 | D:1      | dobroeutro the Gargoyle Fighter began the quest for the Orb.
     0 | D:1      | Reached XP level 1. HP: 14/14 MP: 1/1
   123 | D:1      | Reached XP level 2. HP: 16/19 MP: 2/2
   663 | D:2      | Reached XP level 3. HP: 11/24 MP: 3/3
  1088 | D:2      | Reached skill level 4 in Fighting
  1099 | D:2      | Noticed Terence
  1112 | D:2      | Killed Terence
  1112 | D:2      | Reached XP level 4. HP: 29/29 MP: 4/4
  1363 | D:2      | Slain by a hound

Vault maps used:
D:1:      evilmike_arrival_crescent
D:2:      cheibrodos_gnoll_hut, uniq_terence

Skill      XL: |  1  2  3 |
---------------+----------+-----
Fighting       | 4 |  4.3
Maces & Flails | 3 |  3.3
Armour         | |  3.9
Shields        | |  3.2

Action                   |  1- 3 |  4- 6 || total
-------------------------+-------+-------++-------
Melee: Flail             |   104 |    59 ||   163
Armor: Scale mail        |    61 |    44 ||   105
Dodge: Dodged            |    40 |    25 ||    65
Block: Shield            |    56 |    42 ||    98
